Arrhythmia, chaotic female vampiric Convict --- --.-------------- ! * |...<...--.|.|..| -- * $0 * 0 * # ------ |...............--.-- * --- --.-....-- |.--................-. -------------- |.-- ---- ---........| |.|-....*............. |))......|...---..----..-------- |.........-- |.|....[[(...........- |.%.-..........................| ---.|......-- |.|......).).........-- |...*........----.....--------^--- |...|-.|.--- |.|...................| --.--......--| |....-- |...| ---.-----|.|--- |......................-------........| ------ --- ---.--- |...| |.|-.-- |....--..................-- |.....---.--- --.-- |...|--.--- --.|...| |...----..................| --....| |...| ---|...--- ---.|...| |.....-- |.--- |--.--..--.----.....*..-.--- ---.--- --.--&....--- |...--- |.....| |..| |...|----|...|------ |.*.| |...--|.....@[....-----..-- --....| --..-----*--- ---.--- ---.--| ---....|--....&.......| |...| ---..| |......|..| |...|---|.....| ---......|--.--.--......| |..-- --..| |......|..| ---.--.--.....| |........--..------.--.-- ---- |...| --...----.| |..........----..----.......| ------ --..| ----- --- * ---.........|....| |.......| ---- ---.|..|.-|..--- ---.|.--- $ ------------ ----- Arrhythmia the Jail-bird Experience level: 8 Strength: 18/01 Dexterity: 12 Constitution: 18 Intelligence: 10 Wisdom: 8 Charisma: 7 Health: 0(82) Energy: 43(43) AC: -4 Gold: 414 Moves: 3122 Your Inventory: Coins $ - 414 gold pieces Armor b - a cursed +0 striped shirt (being worn) m - an [uncursed] +0 dwarvish mithril-coat (being worn) q - an uncursed +0 pair of hard shoes [of cold resistance (iron)] E - a cursed +0 leather cloak (being worn) H - an uncursed +0 pair of riding gloves [leather] (being worn) J - an uncursed +0 small shield (being worn) S - a blessed +4 etched helmet [helmet] (being worn) Z - an [uncursed +0] small shield Tools n - an uncursed can of grease [0:20] z - 2 uncursed [tallow] candles Gems Y - an [uncursed] yellowish brown gem [topaz] Iron balls c - an uncursed heavy iron ball (chained to you) Spells known in the end: Name Level Category Fail Memory Your skills at the end: Fighting Skills Weapon Skills sling [Basic / Skilled] Spellcasting Skills Final Attributes: You had transgressed. Hunger level was 32. Your alignment was -57 / 25. Monster difficulty range was 0 - 6. Level difficulty was 4. You were immune to poison. You were immune to level-drain. You were immune to sickness. You were confused. You were punished. You could fly. You could survive without air. You regenerated. Your luck was zero. You are dead. Vanquished creatures: a watch captain 6 watchmen a lizard 2 human zombies a rock mole a fog cloud a shrieker a violet fungus 3 gnome lords 3 gnomish wizards 5 dwarves a kobold shaman an iguana a killer bee an acid blob 3 hobbits a hobgoblin 2 giant rats 28 gnomes a gnome zombie a gecko 2 jackals a fox a kobold a grid bug a lichen 5 newts 76 creatures vanquished. Voluntary challenges: You went without food. You never hit with a wielded weapon. You read items or engraved 4 times. You put on armor 28 times. You never genocided any monsters. You never polymorphed an object. You never changed form. You used no wishes. You abstained from Elbereth's help. You never encountered a bones level. You never used any Sokoban shortcuts. Dungeon overview: The Dungeons of Doom: levels 1 to 2 Level 1 a fountain a long staircase Level 2 a general store stairs to The Gnomish Mines The Gnomish Mines: levels 3 to 5 Level 3 stairs to The Dungeons of Doom Level 4 <- You were here Level 5 some shops, a temple, a magic chest History has recorded: On T:1 you entered the Dungeons of Doom to retrieve the Amulet of Yendor! On T:358 you reached level 2 of The Dungeons of Doom. On T:665 you advanced to experience level 2. On T:1032 you reached level 1 of The Gnomish Mines. On T:1036 you advanced to experience level 3. On T:1039 you advanced to experience level 4. On T:1141 you advanced to experience level 5. On T:1410 you reached level 2 of The Gnomish Mines. On T:1447 you advanced to experience level 6. On T:2301 you advanced to experience level 7. On T:2419 you reached level 3 of The Gnomish Mines. On T:2676 you advanced to experience level 8. Latest messages: Never mind. Pick an object. A Yeenoghu on a lit corridor. [HP+1=67] Yeenoghu hits! (3x) Yeenoghu casts a spell at you! You are hit by a shower of missiles! [HP-38=29] Yeenoghu hits! (2x) You are getting confused. Yeenoghu hits! Yeenoghu points at you, then curses. [HP-12=17] With great effort you climb the stairs. Yeenoghu hits! (3x) Yeenoghu points at you, then curses. The water demon swings his long sword. The water demon hits! (2x) The water demon just misses! Yeenoghu hits! You die... Final status: Goodbye Arrhythmia the Convict... You died in The Gnomish Mines on dungeon level 4 with 4303 points, and 414 pieces of gold, after 3122 moves. You were level 8 with a maximum of 82 hit points when you died.